 Dungeon Crawl Stone Soup version 0.31.0-12-g77e489cdc1 (webtiles) character file.

Game seed: 13057978477043974499

1094 Doomgape the Trooper (level 8, 0/52 HPs)
             Began as a Gargoyle Fighter on Feb 25, 2024.
             Slain by an iguana (5 damage)
             ... on level 5 of the Dungeon.
             The game lasted 00:08:46 (3896 turns).

Doomgape the Trooper (Gargoyle Fighter)             Turns: 3896, Time: 00:08:47

Health: 0/52       AC:  8    Str: 22    XL:     8   Next: 31%
Magic:  8/8        EV:  7    Int:  9    God:
Gold:   197        SH:  7    Dex:  9    Spells: 7/7 levels left

rFire   . . .        p - +0 morningstar
rCold   . . .        e - +0 kite shield
rNeg    + . .        r - +0 chain mail
rPois   ∞            (no helmet)
rElec   +            (no cloak)
rCorr   .            (no gloves)
SInv    .            (no boots)
Will    .....        (no amulet) Stlth
                     (no ring)
HPRegen 0.28/turn    (no ring)
MPRegen 0.11/turn

%: no passive effects
@: corroded
A: sickness immunity, AC +5, negative energy resistance 1, electricity
resistance, torment resistance 1, petrification resistance
a: no special abilities


You were on level 5 of the Dungeon.
You visited 1 branch of the dungeon, and saw 5 of its levels.

You collected 309 gold pieces.
You spent 112 gold pieces at shops.

Inventory:

Hand Weapons
 p - a +0 morningstar (weapon)
Missiles
 o - 6 javelins (quivered)
Armour
 e - a +0 kite shield (worn)
 r - a +0 chain mail (worn)
Wands
 n - a wand of flame (14)
Scrolls
 d - 2 scrolls of identify
 g - a scroll of silence
 h - a scroll of revelation
 k - 2 scrolls of fear
Potions
 f - a potion of attraction {unknown}
 i - a potion of haste {unknown}
 j - a potion of curing {unknown}
 l - a potion of brilliance
 m - 2 potions of enlightenment


   Skills:
 + Level 6.9 Fighting
 + Level 5.8 Maces & Flails
 + Level 6.8 Armour
 - Level 3.2 Shields


You had 7 spell levels left.
You didn't know any spells.
Your spell library contained the following spells:

 Spells                   Type           Power      Damage    Failure   Level
 Scorch                   Fire           0%         2d5       100%        2
 Flame Wave               Conj/Fire      0%         2d4       100%        4
 Summon Cactus Giant      Summ           0%         N/A       100%        6


Dungeon Overview and Level Annotations

Branches:
Dungeon (5/15)
 Temple: D:4-7

Altars:
Kikubaaqudgha
Qazlal
Xom

Shops:
D:3 *


Innate Abilities, Weirdness & Mutations

You are immune to sickness and miasma.
Your stone body is resilient. (AC +5)
You are immune to poison.
You resist negative energy. (rN+)
You are resistant to electric shocks. (rElec)
You are resistant to unholy torment.
You are immune to petrification.


Message History

You puncture the iguana!
The iguana is almost dead.
The iguana bites you but does no damage.
The jelly hits you but does no damage.
You closely miss the iguana.
The iguana is almost dead.
You block the iguana's attack.
The jelly hits you but does no damage. x2
You block the iguana's attack.
You hit the jelly. The acid corrodes you!
Your hands burn!
The jelly is moderately wounded.
The iguana bites you but does no damage.
You block the jelly's attack.
You sock the jelly! The acid corrodes you!
Your hands burn!
The jelly is severely wounded.
The iguana barely misses you. The jelly hits you but does no damage.
You hit the jelly but do no damage.
Your hands burn!
The jelly is severely wounded.
The iguana bites you. You block the jelly's attack. The jelly hits you.
The acid corrodes you!
You are splashed with acid.
The iguana bites you!
* * * LOW HITPOINT WARNING * * *
You hit the jelly.
You kill the jelly!
The iguana completely misses you.
Unknown command.
You hit the iguana but do no damage.
The iguana is almost dead.
The iguana bites you!
* * * LOW HITPOINT WARNING * * *
You block the iguana's attack.
You closely miss the iguana.
The iguana is almost dead.
The orc shouts!
The iguana barely misses you.
You hit the iguana.
The iguana is almost dead.
The iguana bites you but does no damage.
You hit the iguana but do no damage.
The iguana is almost dead.
The iguana bites you.
You die...

#......#...#
####..#.......##
................
...............
.............# #
.............#.#.
#..<>........
#............
##...@..##..
......#.l$.#
.......##.......
...##.## #...o..
... .. #........
.o. .. ...
...#.......## ...g
....
............##....
#....$............
...
............g.#


You could see an iguana and an orc.

Vanquished Creatures
  Sigmund (D:2)
  Edmund (D:4)
  A black bear (D:4)
  An ogre (D:4)
  3 scorpions (D:4)
  A bombardier beetle (D:4)
  A hound (D:5)
  3 jellies
  A gnoll bouda (D:4)
  Jessica (D:2)
  A sleepcap (D:5)
  Ijyb (D:3)
  An orc wizard (D:5)
  10 gnolls
  2 adders (D:2)
  2 dart slugs
  13 orcs
  5 endoplasms
  2 giant cockroaches
  6 goblins
  6 hobgoblins
  5 quokkas
  4 ball pythons
  A frilled lizard (D:1)
  4 kobolds
  4 rats
81 creatures vanquished.

Notes
Turn   | Place    | Note
-------+----------+-------------------------------------------
     0 | D:1      | Doomgape the Gargoyle Fighter began the quest for the Orb.
     0 | D:1      | Reached XP level 1. HP: 14/14 MP: 1/1
   141 | D:1      | Reached XP level 2. HP: 19/19 MP: 2/2
   448 | D:2      | Noticed Sigmund
   461 | D:2      | Killed Sigmund
   462 | D:2      | Reached XP level 3. HP: 15/24 MP: 3/3
   462 | D:2      | Reached XP level 4. HP: 18/30 MP: 4/4
   462 | D:2      | Reached XP level 5. HP: 21/34 MP: 5/5
   518 | D:2      | Noticed Jessica
   534 | D:2      | Killed Jessica
  1396 | D:3      | Found a faded altar of an unknown god.
  1407 | D:3      | Reached XP level 6. HP: 40/40 MP: 6/6
  1491 | D:3      | Found Heeplace's Assorted Antiques.
  1502 | D:3      | Bought a kite shield for 112 gold pieces
  1573 | D:3      | Found a shimmering altar of Xom.
  1626 | D:3      | Reached skill level 5 in Fighting
  1626 | D:3      | Reached skill level 5 in Armour
  2121 | D:3      | Noticed Ijyb
  2137 | D:3      | Killed Ijyb
  2416 | D:4      | Found an ancient bone altar of Kikubaaqudgha.
  2542 | D:4      | Found a stormy altar of Qazlal.
  2784 | D:4      | Noticed a black bear
  2790 | D:4      | Killed a black bear
  2791 | D:4      | Reached XP level 7. HP: 43/45 MP: 7/7
  3057 | D:4      | Noticed Edmund
  3069 | D:4      | Killed Edmund
  3070 | D:4      | Reached skill level 5 in Maces & Flails
  3323 | D:5      | Entered Level 5 of the Dungeon
  3550 | D:4      | Reached XP level 8. HP: 35/52 MP: 8/8
  3896 | D:5      | Slain by an iguana

Illustrated notes

Levels and vault maps discovered:
D:1:      dpeg_arrival_three_same_balls, layout_rooms
D:2:      layout_basic, uniq_sigmund, uniq_jessica
D:3:      layout_loops_ring, dk_xom_monty_hall, basic_ecumenical_altar,
          serial_shops, nicolae_shop_waterfront, wad_orctagon, uniq_ijyb
D:4:      layout_basic, nicolae_qazlal_general_emergency,
          kiku_gazebo_garden_becter, uniq_edmund
D:5:      layout_cave_pools, mainiacjoe_overflow_six_doors_small,
          gammafunk_ghost_nasty_kobolds, serial_shops, shop

Skill      XL: |  1  2  3  4  5  6  7 |
---------------+----------------------+-----
Fighting       | 4 5 6 |  6.9
Maces & Flails | 3 4 5 |  5.8
Armour         | 4 5 6 |  6.8
Shields        | |  3.2

Action                     |  1- 3 |  4- 6 |  7- 9 || total
---------------------------+-------+-------+-------++-------
  Melee: Flail             |    53 |   119 |       ||   172
         Morningstar       |       |     6 |   154 ||   160
    Use: Scroll            |     1 |     9 |       ||    10
         Potion            |     1 |       |     1 ||     2
 Armour: Scale mail        |    35 |    81 |       ||   116
         Chain mail        |       |     7 |   152 ||   159
  Dodge: Dodged            |    25 |    46 |    56 ||   127
  Block: Buckler           |     7 |     9 |       ||    16
         Kite shield       |       |    24 |    88 ||   112
